 Dungeon Crawl Stone Soup version 0.17.0 (webtiles) character file.

353 HaroldButt the Shield-Bearer (level 6, -6/51 HPs)
             Began as a Hill Orc Fighter on Nov 6, 2015.
             Mangled by an ogre
             ... wielding a +0 giant club
              (22 damage)
             ... on level 4 of the Dungeon.
             The game lasted 00:08:30 (2678 turns).

HaroldButt the Shield-Bearer (Hill Orc Fighter)     Turns: 2678, Time: 00:08:30

Health: -6/51      AC:  6    Str: 23    XL:     6   Next: 62%
Magic:  6/6        EV:  8    Int:  8    God:
Gold:   123        SH: 10    Dex: 12    Spells: 0 memorised, 5 levels left

rFire  . . .     SeeInvis .     a - +0 flail
rCold  . . .     Clarity  .     b - +0 scale mail
rNeg   . . .     SustAt   .     c - +0 shield
rPois  .         Gourm    .     (no helmet)
rElec  .         Spirit   .     (no cloak)
rCorr  .         Warding  .     (no gloves)
rMut   .         Stasis   .     (no boots)
MR     .....                    (no amulet)
Stlth  ..........               (no ring)
                                r - +4 ring of strength

@: not resistant to hostile enchantments, extremely unstealthy
A: no striking features
a: no special abilities


You were on level 4 of the Dungeon.
You were not hungry.

You visited 1 branch of the dungeon, and saw 4 of its levels.

You collected 123 gold pieces.

Inventory:

Hand Weapons
 a - a +0 flail (weapon)
Missiles
 j - 94 stones (quivered)
 l - 12 poisoned needles
Armour
 b - a +0 scale mail (worn)
 c - a +0 shield (worn)
Jewellery
 r - a +4 ring of strength (left hand)
Wands
 e - a wand of draining (0)
 s - a wand of random effects (14)
Scrolls
 f - 2 scrolls of recharging {unknown}
 h - 5 scrolls of identify {unknown}
 i - a scroll of magic mapping {unknown}
 m - a scroll of random uselessness {unknown}
 q - 4 scrolls of remove curse {unknown}
 v - 2 scrolls of fear {unknown}
Potions
 n - a potion of curing
 t - a potion of mutation {unknown}
 u - a potion of degeneration {unknown}
Comestibles
 d - a bread ration
 g - 2 meat rations
 k - a slice of pizza
 o - a beef jerky
 p - 3 fruits


   Skills:
 - Level 3.6 Fighting
 + Level 5.1 Maces & Flails
 - Level 3.2 Armour
 + Level 6.3 Shields


You had 5 spell levels left.
You didn't know any spells.

Dungeon Overview and Level Annotations

Branches:
Dungeon (4/15)
 Temple: D:4-7

Altars:
Sif Muna


Message History

Aim: an ogre, wielding a giant club The bolt of negative energy misses the ogre.
Evoking this partially-identified wand wasted a few charges.
The ogre hits you with a giant club!
* * * LOW HITPOINT WARNING * * *
Evoke which item? (* to show all) (? for menu, Esc to quit)
Zapping:
e - a wand of draining {zapped: 3} (will waste charges)
Press: ? - help, Shift-Dir - straight line, f/p - ogre
Aim: an ogre, wielding a giant club The bolt of negative energy hits the ogre.
The ogre is drained!
The ogre is heavily wounded.
Evoking this partially-identified wand wasted a few charges.
You thump the ogre!
The ogre is severely wounded.
You block the ogre's attack.
You hit the ogre but do no damage.
The ogre is severely wounded.
The ogre hits you with a giant club!!
You die...

##.......## ##.## #.#
#.........####...##########..
+.........+..................
#.........#.........#######..
##.......##..##.###.# #..O...
##...).###..##.###.# #.###.#
##...## #..##..##[# #.# #.#
##'## #.O###.##.# #.# ...
##.#####.@###.##.# #.# ...
#................# #.# ...
#..#####......>..# .......
#... #.####.#### ... ..
#..... #.# #.# ... ##.....
... ..# #..#.###.# ### ......
..# ##########


You could see an ogre.

Vanquished Creatures
  The ghost of HungrySpirit the Cudgeler, an amateur GrWn (D:3)
  2 orc priests (D:3)
  An orc wizard (D:4)
  A hound zombie (D:3)
  5 adders
  A worm (D:2)
  2 giant geckos
  10 orcs
  2 ball pythons (D:3)
  5 giant cockroaches
  12 goblins
  8 hobgoblins
  8 jackals
  2 quokkas
  12 bats
  5 giant newts
  7 kobolds
  6 rats
90 creatures vanquished.

Notes
Turn   | Place    | Note
--------------------------------------------------------------
     0 | D:1      | HaroldButt the Hill Orc Fighter began the quest for the Orb.
     0 | D:1      | Reached XP level 1. HP: 19/19 MP: 1/1
   308 | D:1      | Reached XP level 2. HP: 26/26 MP: 2/2
   405 | D:1      | Reached skill level 4 in Shields
   469 | D:1      | Reached XP level 3. HP: 22/31 MP: 3/3
  1080 | D:2      | Reached XP level 4. HP: 39/39 MP: 4/4
  1392 | D:2      | Reached skill level 5 in Shields
  1534 | D:3      | Noticed HungrySpirit's ghost (amateur GrWn)
  1558 | D:3      | Killed HungrySpirit's ghost
  1558 | D:3      | Reached XP level 5. HP: 38/45 MP: 5/5
  1659 | D:3      | Reached XP level 6. HP: 51/51 MP: 6/6
  1900 | D:3      | Reached skill level 6 in Shields
  2161 | D:3      | Found a deep blue altar of Sif Muna.
  2466 | D:4      | Reached skill level 5 in Maces & Flails
  2531 | D:4      | HP: 2/51 [ogre/giant club (23)]
  2678 | D:4      | Mangled by an ogre

Action                   |  1- 3 |  4- 6 || total
-------------------------+-------+-------++-------
Melee: Flail             |   154 |   164 ||   318
Evoke: Wand              |     1 |     3 ||     4
  Use: Potion            |       |     2 ||     2
 Stab: Paralysed         |     2 |     3 ||     5
  Eat: Chunk             |     1 |     1 ||     2
       Bread ration      |       |     1 ||     1
